 Dungeon Crawl Stone Soup version 0.24.0-123-gd5b16e6ec5 (webtiles) character file.

Game seed: 14785053294507327139, levelgen mode: deterministic

332 manon the Slasher (level 6, -12/47 HPs)
             Began as a Demonspawn Chaos Knight on Jan 11, 2020.
             Was a Plaything of Xom.
             Mangled by Blork the mana viper (shapeshifter) (19 damage)
             ... on level 4 of the Dungeon.
             The game lasted 00:10:17 (1683 turns).

manon the Slasher (Demonspawn Chaos Knight)         Turns: 1683, Time: 00:10:17

Health: -12/47     AC:  9    Str: 12    XL:     6   Next: 26%
Magic:  6/6        EV: 12    Int: 11    God:    Xom [*.....]
Gold:   2          SH:  0    Dex: 13    Spells: 5/5 levels left

rFire    . . .     SeeInvis .   a - +0 falchion (chaos)
rCold    . . .     Gourm    .   (no shield)
rNeg     . . .     Faith    .   b - +2 leather armour
rPois    .         Spirit   .   (helmet restricted)
rElec    .         Reflect  .   (no cloak)
rCorr    .         Harm     .   k - +1 pair of gloves
MR       .....                  (no boots)
Stlth    +.........             (no amulet)
HPRegen  0.15/turn              (no ring)
MPRegen  0.10/turn              (no ring)

@: no status effects
A: hooves 1, horns 1, slimy green scales 1, dopey 1, powered by death 1,
screaming 1, spiny 1, weak 1
a: Renounce Religion


You were on level 4 of the Dungeon.
You worshipped Xom.
You were a special plaything of Xom.
You were not hungry.

You visited 1 branch of the dungeon, and saw 4 of its levels.

You collected 106 gold pieces.
You spent 104 gold pieces at shops.

Inventory:

Hand Weapons
 a - a +0 falchion of chaos (weapon)
 d - a +0 hunting sling
 e - a +0 mace
Missiles
 q - 28 arrows
 r - 8 poisoned darts (quivered)
Armour
 b - a +2 leather armour (worn)
 f - a cursed +0 helmet
 k - a +1 pair of gloves (worn)
 n - a +0 chain mail
Wands
 p - a wand of flame (12)
Scrolls
 h - 3 scrolls of remove curse {unknown}
 j - 2 scrolls of magic mapping {unknown}
 m - a scroll of identify {unknown}
Potions
 g - a potion of agility {unknown}
 i - a potion of flight {unknown}
 l - a potion of curing
 o - a potion of haste {unknown}
Comestibles
 c - 6 rations


   Skills:
 - Level 3.4 Fighting
 * Level 5.5 Long Blades
 - Level 2.0 Armour
 + Level 2.7 Dodging


You had 5 spell levels left.
You didn't know any spells.
Your spell library was empty.

Dungeon Overview and Level Annotations

Branches:
Dungeon (4/15)
 Temple: D:4-7

Altars:
Zin

Shops:
D:2 *   D:4 [!

Annotations:
D:3 Natasha, Sigmund
D:4 Blork the orc


Innate Abilities, Weirdness & Mutations

You have large cloven feet.
You are partially covered in slimy green scales. (AC +2)
You regenerate a little health from kills.
You are partially covered in sharp spines.
You have a pair of small horns on your head.
You are dopey. (Int -2)
You occasionally shout uncontrollably at your foes.
You are weak. (Str -2)


Message History

Blork bites you but does no damage.
You feel much better. Blork is struck by your spines. Blork bites you!
Blork is struck by your spines. Blork bites you.
* * * LOW HITPOINT WARNING * * *
You feel better.
You hear Xom's avuncular chuckle.
Blork flickers and vanishes!
Deactivating autopickup; reactivate with Ctrl-A.
Something bites you but does no damage.
You closely miss something. Something bites you!
* * * LOW HITPOINT WARNING * * *
Something bites you.
* * * LOW HITPOINT WARNING * * *
You closely miss something. You headbutt something.
Blork falls off the wall.
Blork appears out of thin air!
Reactivating autopickup.
You barely miss Blork. You kick Blork, but do no damage.
Blork is struck by your spines. Blork bites you!!
You die...
Xom laughs nastily!

.............#
.............#
............. ##
........ #.##.##
....$)#####.....#
.............<.#
.............### .
.............#.#### ...
.............)..@S##....
#............).#........
............####..#...#.
#......#....####..# ###
#...####.........##
#....###.∩.......#
))..##..........##
........#......##
.#............##


You could see Blork the mana viper.

Vanquished Creatures
  2 orc priests (D:4)
  An orc wizard (D:4)
  Terence (D:2)
  An iguana (D:4)
  2 worker ants (D:4)
  Robin (D:2)
  3 gnolls (D:4)
  2 adders (D:4)
  A white imp (D:4)
  An adder skeleton (D:4)
  2 dart slugs (D:1)
  2 leopard geckos (D:2)
  2 orcs (D:4)
  4 bats
  2 giant cockroaches (D:1)
  14 goblins
  12 hobgoblins
  2 jackals (D:2)
  7 kobolds
  A quokka (D:4)
  2 ball pythons (D:1)
  2 frilled lizards
  A quokka skeleton (D:4)
  4 rats
72 creatures vanquished.

Notes
Turn   | Place    | Note
-------+----------+-------------------------------------------
     0 | D:1      | manon the Demonspawn Chaos Knight began the quest for the
                  | Orb.
     0 | D:1      | Reached XP level 1. HP: 18/18 MP: 1/1
    66 | D:1      | Gained mutation: You regenerate a little health from kills.
                  | [demonic ancestry]
    66 | D:1      | Reached XP level 2. HP: 16/24 MP: 2/2
   235 | D:1      | XOM: harmless Tmut miscast
   239 | D:1      | Reached skill level 3 in Long Blades
   529 | D:1      | Gained mutation: You are partially covered in sharp spines.
                  | [demonic ancestry]
   529 | D:1      | Reached XP level 3. HP: 29/29 MP: 3/3
   573 | D:2      | Found Zin's Purification Station.
   576 | D:2      | Found a glowing silver altar of Zin.
   619 | D:2      | Noticed Terence
   696 | D:2      | XOM: harmless Ice miscast
   767 | D:2      | Noticed Robin
   771 | D:2      | Killed Robin
   780 | D:2      | Reached skill level 1 in Dodging
   787 | D:2      | Reached skill level 4 in Long Blades
   798 | D:2      | Gained mutation: You have large cloven feet. [demonic
                  | ancestry]
   798 | D:2      | Reached XP level 4. HP: 35/35 MP: 4/4
   824 | D:2      | XOM: 1-stop teleportation journey
   990 | D:2      | XOM: harmless Air miscast
  1062 | D:2      | XOM: medium Pois miscast
  1068 | D:2      | XOM: butterfly on damage
  1069 | D:2      | XOM: butterfly on damage
  1083 | D:2      | Killed Terence
  1163 | D:2      | XOM: give mutations
  1163 | D:2      | Gained mutation: You are dopey. (Int -2) [Xom's mischief]
  1163 | D:2      | Gained mutation: You occasionally shout uncontrollably at
                  | your foes. [Xom's mischief]
  1163 | D:2      | Gained mutation: You have a pair of small horns on your
                  | head. [Xom's mischief]
  1163 | D:2      | Gained mutation: You are weak. (Str -2) [Xom's mischief]
  1326 | D:3      | Noticed Sigmund
  1328 | D:3      | Noticed Natasha
  1383 | D:4      | Gained mutation: You are partially covered in slimy green
                  | scales. (AC +2) [demonic ancestry]
  1383 | D:4      | Reached XP level 5. HP: 41/41 MP: 5/5
  1392 | D:4      | Found Nulonosum's Antique Armour Shop.
  1488 | D:4      | Reached skill level 5 in Long Blades
  1503 | D:4      | Found Sug Imaf's Distillery.
  1514 | D:4      | Bought a potion of heal wounds for 65 gold pieces
  1514 | D:4      | Bought a potion of curing for 39 gold pieces
  1544 | D:4      | Reached XP level 6. HP: 19/47 MP: 6/6
  1666 | D:4      | Noticed Blork the orc
  1675 | D:4      | Noticed Blork
  1675 | D:4      | Blork the orc changed into Blork the shapeshifter
  1675 | D:4      | XOM: silly message
  1675 | D:4      | Noticed Blork
  1675 | D:4      | Blork the shapeshifter changed into Blork the tarantella
  1676 | D:4      | Noticed Blork
  1676 | D:4      | Blork the tarantella changed into Blork the shapeshifter
  1676 | D:4      | Noticed Blork
  1676 | D:4      | Blork the shapeshifter changed into Blork the tarantella
  1680 | D:4      | XOM: enchant monster (bad)
  1682 | D:4      | Noticed Blork
  1683 | D:4      | Mangled by Blork the mana viper (shapeshifter)

Levels and vault maps discovered:
D:1:      scummos_arrival_hexagon, layout_loops_ring
D:2:      minmay_alternating_diamond, layout_loops_cross, zin_purify,
          chequers_serial_rivers_small_3, uniq_robin, uniq_terence
D:3:      minmay_octagon_keep, layout_loops_corners, kennysheep_slug_shrine,
          first_ration, uniq_sigmund, uniq_natasha
D:4:      layout_cave_pools, gammafunk_temple_overflow_wave, led_sif_pool,
          serial_shops, shop, shop, nicolae_shop_trees, kennysheep_little_box,
          uniq_blork_the_orc

Skill      XL: |  1  2  3  4  5 |
---------------+----------------+-----
Armour         | 2 |  2.0
Long Blades    | 3 4 5 |  5.5
Dodging        | 1 2 |  2.7
Fighting       | |  3.4

Action                   |  1- 3 |  4- 6 || total
-------------------------+-------+-------++-------
Melee: Falchion          |    90 |    92 ||   182
       Kick              |       |    32 ||    32
       Headbutt          |       |    12 ||    12
Evoke: Wand              |       |     2 ||     2
  Use: Potion            |       |     2 ||     2
 Stab: Paralysed         |     1 |       ||     1
       Petrifying        |       |     1 ||     1
  Eat: Ration            |       |     1 ||     1
Armor: Leather armour    |    21 |    21 ||    42
Dodge: Dodged            |    61 |    41 ||   102
       Rpst.: Falchion   |    18 |    11 ||    29
